Map: Станция Кайрос РВ

Players

Milka

  • Race: Protoss Protoss
  • League: Grandmaster
  • Spawn Location: 11:00

ELESTRAGO - Winner!

  • Race: Terran Terran
  • League: Master
  • Spawn Location: 5:00

VOD

Have the link to the VOD?

Description

Time

  • Played on: June 26, 2019, 2:58 p.m.
  • Length: 9:03
Show
View Real Time Build Order
Export as new Build Order

Milka Protoss 

Build Orders: 1 Gate Expand, Oracle Opening, Colossus Rush 

Get SALT Encoding   

  12  0:01  Probe  
  13  0:13  Probe  
  14  0:18  Pylon  
  14  0:21  Probe  
  15  0:32  Probe  
  16  0:43  Probe  
  16  0:44  Gateway  
  17  0:51  Assimilator  
  17  0:55  Probe  
  18  1:08  Probe  
  18  1:20  Probe  
  19  1:31  Cybernetics Core  
  19  1:32  Probe  
  20  1:39  Nexus  
  20  1:47  Pylon  
  20  1:53  Probe  
  21  1:55  Assimilator  
  21  1:58  Adept  
  21  2:01  Probe  
  24  2:09  Probe  
  25  2:20  Probe  
  26  2:25  Stargate  
  26  2:32  Probe  
  26  2:44  Probe, Adept  
  26  2:45  Warp Gate  
  26  2:47  Probe  
  29  2:55  Probe  
  29  2:56  Probe  
  32  3:05  Probe  
  32  3:08  Probe  
  34  3:14  Adept  
  34  3:17  Probe  
  36  3:20  Probe  
  36  3:25  Oracle  
  37  3:27  Gateway x2  
  37  3:30  Probe  
  37  3:33  Probe  
  42  3:42  Probe, Pylon  
  42  3:45  Probe  
  44  3:54  Probe  
  44  3:55  Oracle  
  45  3:57  Probe  
  45  3:58  Pylon  
  46  4:06  Probe  
  46  4:08  Assimilator  
  46  4:09  Probe  
  51  4:10  Assimilator  
  51  4:11  Pylon  
  51  4:18  Probe, Robotics Facility  
  51  4:21  Probe  
  53  4:30  Probe  
  54  4:33  Probe  
  54  4:38  Stalker x3  
  61  4:42  Probe  
  61  4:45  Probe  
  63  4:51  Twilight Council  
  63  4:54  Probe  
  63  4:55  Pylon  
  64  5:00  Probe  
  64  5:03  Stalker  
  64  5:06  Stalker  
  69  5:09  Pylon  
  69  5:15  Robotics Bay  
  69  5:16  Stalker  
  69  5:26  Observer  
  69  5:27  Zealot  
  71  5:33  Charge  
  71  5:34  Probe  
  70  5:42  Observer  
  70  5:46  Probe  
  70  5:47  Stalker x2  
  76  5:55  Colossus  
  76  5:58  Pylon  
  76  5:59  Forge  
  76  6:01  Gateway x2  
  76  6:02  Gateway  
  82  6:16  Extended Thermal Lance  
  82  6:17  Probe  
  82  6:30  Nexus  
  82  6:37  Pylon  
  82  6:38  Probe  
  82  6:44  Sentry  
  82  6:45  Forge  
  82  6:46  Probe  
  86  6:47  Probe, Colossus  
  86  6:48  Protoss Ground Weapons Level 1  
  89  6:59  Probe  
  90  7:01  Probe  
  90  7:04  Gateway  
  90  7:05  Gateway, Observer  
  91  7:11  Probe, Pylon  
  91  7:15  Probe  
  93  7:22  Probe  
  93  7:26  Colossus  
  93  7:28  Probe  
  95  7:32  Pylon  
  95  7:33  Stalker, Observer  
  95  7:35  Probe  
  98  7:40  Probe  
  98  7:41  Oracle  
  105  7:45  Stalker  
  105  7:48  Probe x2  
  109  7:56  Probe  
  109  7:57  Sentry  
  112  7:59  Stalker  
  112  8:00  Probe  
  115  8:10  Probe x2  
  117  8:14  Probe, Assimilator  
  117  8:15  Stalker x2  
  117  8:16  Stalker  
  117  8:17  Assimilator  
  116  8:20  Zealot  
  116  8:21  Zealot  
  102  8:29  Zealot x3  
  73  8:43  Zealot x4  
  73  8:47  Stalker  
  78  8:53  Shield Battery  
  78  8:59  Zealot  
Show
View Real Time Build Order
Export as new Build Order

ELESTRAGO Terran - Winner!

Build Orders: Reaper Expand 

Get SALT Encoding   

  12  0:00  SCV  
  13  0:12  SCV  
  14  0:16  Supply Depot  
  14  0:25  SCV  
  15  0:38  SCV  
  15  0:40  Barracks  
  16  0:43  Refinery  
  16  0:50  SCV  
  17  1:02  SCV  
  18  1:18  SCV  
  19  1:29  Reaper  
  19  1:31  Orbital Command  
  20  1:44  Command Center  
  20  1:55  Barracks  
  20  1:59  SCV  
  21  2:03  Barracks Reactor  
  21  2:10  Supply Depot  
  21  2:12  SCV  
  22  2:21  Barracks  
  22  2:25  SCV  
  23  2:41  Marine x2  
  23  2:42  Barracks Tech Lab  
  23  2:43  SCV  
  26  2:47  Engineering Bay  
  26  2:57  Orbital Command  
  27  2:58  SCV  
  27  3:03  Marine x2  
  29  3:06  Stimpack  
  29  3:15  SCV  
  29  3:16  Marine  
  29  3:18  Terran Infantry Weapons Level 1  
  31  3:22  Marine x2  
  31  3:24  Marine  
  33  3:27  SCV  
  33  3:29  SCV  
  35  3:34  Missile Turret  
  35  3:35  Barracks Tech Lab  
  35  3:40  Marine x2  
  37  3:42  Marine  
  37  3:44  SCV x2  
  40  3:48  Supply Depot  
  40  3:58  Marine, Combat Shield  
  40  4:00  SCV  
  40  4:01  SCV  
  44  4:05  Marine x2  
  44  4:08  Marine  
  46  4:11  Supply Depot  
  46  4:13  SCV x2  
  48  4:22  Refinery  
  48  4:23  Refinery  
  48  4:24  Marine x3  
  48  4:25  SCV x2  
  48  4:30  Marine  
  54  4:34  Supply Depot  
  54  4:37  SCV, Factory  
  55  4:39  SCV  
  55  4:44  Marine x3  
  59  4:48  Marine  
  59  4:49  SCV  
  61  4:53  SCV  
  61  4:57  Supply Depot  
  62  5:01  SCV, Marine  
  62  5:05  SCV  
  62  5:06  Barracks  
  65  5:09  Marine x3, Barracks  
  65  5:10  Concussive Shells  
  65  5:13  SCV  
  68  5:25  Marine  
  68  5:28  Marauder x2  
  71  5:31  Marine  
  71  5:32  Starport  
  71  5:33  Factory Reactor  
  68  5:36  SCV  
  68  5:37  SCV, Bunker  
  68  5:42  Supply Depot  
  69  5:47  Marine  
  69  5:49  Marauder x2  
  66  5:51  Marine  
  66  5:56  SCV, Refinery  
  66  5:57  Barracks Tech Lab, Barracks Reactor  
  68  6:04  Supply Depot  
  68  6:10  Marauder x2  
  72  6:14  SCV  
  72  6:15  SCV, Marine x2  
  72  6:16  Marauder  
  78  6:18  Medivac x2  
  78  6:20  Factory Reactor  
  78  6:21  Starport  
  81  6:26  Supply Depot  
  81  6:32  SCV x2  
  82  6:39  Liberator x2  
  81  6:41  Marine x2  
  81  6:42  Marine, Marauder x2  
  88  6:49  SCV  
  93  6:55  Marine  
  93  6:56  Marauder  
  93  6:59  Supply Depot  
  93  7:00  Terran Infantry Armor Level 1  
  97  7:02  Marine x2, Supply Depot  
  97  7:04  Marauder  
  101  7:15  Missile Turret  
  101  7:18  SCV  
  101  7:21  SCV  
  103  7:26  Marine x3, Marauder  
  103  7:27  Marine, Marauder x2  
  103  7:29  Widow Mine  
  115  7:31  Widow Mine  
  115  7:34  Liberator x2  
  117  7:37  Supply Depot  
  117  7:38  Supply Depot  
  117  7:55  Widow Mine x2  
  127  8:01  Marine, Marauder x3  
  127  8:05  Marine x3  
  127  8:22  Marine  
  127  8:23  Marauder  
  121  8:30  Marine  
  121  8:31  Marauder  
  121  8:32  Marine x2, Marauder  
  123  8:35  Widow Mine  
  123  8:36  Widow Mine  
  123  8:40  Marine  
  124  8:48  SCV x2  
Tags
 
Add a new tag
Caveats
  • Supply blocks, unpowered buildings, or Contaminate may cause inaccurate times.
  • Supply counts are checked every 10 seconds.